 Dungeon Crawl Stone Soup version 0.31.0-32-g396128a36d (webtiles) character file.

Game seed: 12768495595537771413

4300 Alphaeus the Mimic (level 10, 0/96 HPs)
             Began as a Troll Shapeshifter on Mar 19, 2024.
             Was a Priest of Dithmenos.
             Slain by a wolf (9 damage)
             ... on level 9 of the Dungeon.
             The game lasted 00:06:30 (6161 turns).

Alphaeus the Mimic (Troll Shapeshifter)             Turns: 6161, Time: 00:06:31

Health: 0/96       AC:  4    Str: 28    XL:     10   Next: 11%
Magic:  9/9        EV:  9    Int:  6    God:    Dithmenos [***...]
Gold:   489        SH:  0    Dex:  9    Spells: 9/9 levels left

rFire   . .          .
                       - Unarmed
rCold   . . .        (no shield)
rNeg    . . .        a - +0 animal skin
rPois   .            (helmet currently unavailable)
rElec   .            (cloak currently unavailable)
rCorr   .            (gloves unavailable)
SInv    .            (boots unavailable)
Will    .....        (no amulet)
Stlth   +++          (no ring)
HPRegen 1.16/turn    (no ring)
MPRegen 0.11/turn

%: no passive effects
@: beast-form, wreathed by umbra, studying Short Blades
A: beast (slay +4), large, unfitting armour, claws 3, regeneration 1, shaggy fur
1, tough skin 1
a: Begin Untransformation, Renounce Religion, Shadow Step


You were on level 9 of the Dungeon.
You worshipped Dithmenos.
Dithmenos was most pleased with you.
You were a hulking beast.
You visited 1 branch of the dungeon, and saw 9 of its levels.

You collected 489 gold pieces.

Inventory:

Armour
 a - a +0 animal skin (worn)
Jewellery
 e - an amulet of faith
Talismans
 c - a beast talisman
 d - a flux talisman
Wands
 s - a wand of polymorph (8)
Scrolls
 f - a scroll of torment
 i - 6 scrolls of identify {unknown}
 k - 2 scrolls of revelation
 m - 2 scrolls of immolation {unknown}
 n - 2 scrolls of silence {unknown}
 p - a scroll of poison {unknown}
 q - a scroll of noise {unknown}
Potions
 b - a potion of attraction {unknown}
 g - 2 potions of heal wounds
 l - 3 potions of curing {unknown}
 o - a potion of ambrosia {unknown}
 r - a potion of degeneration {unknown}
 t - a potion of mutation {unknown}


   Skills:
 + Level 5.4 Fighting
 - Level 1.5 Dodging
 * Level 3.0 Stealth
 - Level 8.4 Unarmed Combat
 * Level 9.1 Shapeshifting


You had 9 spell levels left.
You didn't know any spells.
Your spell library contained the following spells:

 Spells                   Type           Power      Damage    Failure   Level
 Magic Dart               Conj           0%         1d3       45%         1
 Searing Ray              Conj           0%         2d4       58%         2
 Tukima's Dance           Hex            0%         N/A       83%         3
 Dimensional Bullseye     Hex/Tloc       0%         N/A       99%         4
 Fulminant Prism          Conj/Alch      0%         3d5       99%         4
 Iskenderun's Mystic Bla  Conj/Tloc      0%         2d3       99%         4


Dungeon Overview and Level Annotations

Branches:
Dungeon (9/15)             Temple (0/1) D:5            Lair (0/5) D:9
    Orc: D:9-12

Altars:
Cheibriados
Dithmenos
Elyvilon
Gozag
Hepliaklqana
Nemelex Xobeh
Qazlal
Ru
Sif Muna
Uskayaw
Vehumet
Wu Jian
Xom
Yredelemnul
Zin

Shops:
D:7 =


Innate Abilities, Weirdness & Mutations

You are a hulking beast.
Your limbs bulge with bestial killing power. (Slay +4)
You are too large for most types of armour.
You have claws for hands.
Your natural rate of healing is unusually fast.
You are covered in fur. (AC +1)
You have tough skin. (AC +1)


Message History

An ice beast comes into view.
The wolf bites you.
* * * LOW HITPOINT WARNING * * *
The howler monkey hoots and howls with incredible vigour!
The orc priest looks encouraged for a moment.
The wolf bites you.
* * * LOW HITPOINT WARNING * * *
You hear a shout!
As you read the scroll labelled GYESSA ZEOGHEM, it crumbles to dust.
It is a scroll of brand weapon.
You aren't carrying any weapons that can be branded.
The wolf bites you!
* * * LOW HITPOINT WARNING * * *
The wolf closely misses you.
You feel much better.
The howler monkey hoots and howls with incredible vigour!
The wolf barely misses you.
The orc priest mumbles some strange prayers to Beogh against you.
Beogh smites you!
* * * LOW HITPOINT WARNING * * *
An orc comes into view. It is wielding a +0 club.
The wolf bites you.
* * * LOW HITPOINT WARNING * * *
You hear a bellow!
You barely miss the orc. The orc hits you with a +0 mace.
* * * LOW HITPOINT WARNING * * *
The wolf closely misses you.
You scratch the wolf.
The wolf is almost dead.
The wolf bites you.
* * * LOW HITPOINT WARNING * * *
The orc hits you with a +0 mace.
* * * LOW HITPOINT WARNING * * *
As you read the scroll labelled NASKOT OMUAKO, it crumbles to dust.
You hear the flapping of tiny wings.
The wyvern is knocked back by the sudden gust.
The wolf is knocked back by the sudden gust.
The orc is knocked back by the sudden gust.
It was a scroll of butterflies.
The wolf bites you!
You die...

,,,,*,,,,,*......#...,,,,* ***
,*,*,*,,,#..........####** **,
,,,,***,*##.....#...#### *,,
,,,*,*,,,#.#........#### *~,
,,,,,,,,,...$..~..)†#### *,,
*,,,,,*,....Y..####)#### *,,
**,,,,,,......####.b..## *,,
*,,,,,,...~.#####bbbb##*******,,
**,*,*,,,.#.hhkhhbbobb+.,,,,,,,,,
,,,*,#############bbbb##*******~,
*,,*,#<............boo'.,,,,* *,~
*,,*,#.#.######.....bb##***,* *,,
*,,*,#.#............#### *,* **~
*,,*,#.#.#####..###.#### *,* **
*,,*,#.###.....####.#### *,* *
*,,*,#.# ###...####...## *,* **
*,,*,#+#**≈≈~~~~~~#...* *,* *~


You could see a wyvern, a wolf, 2 howler monkeys, an orc priest (ally target)
and 2 orcs.

Vanquished Creatures
  A rime drake (D:9)
  A hornet (D:7)
  A wyvern (D:8)
  A steam dragon (D:6)
  Duvessa (D:5)
  A water moccasin (D:8)
  2 ice beasts (D:9)
  3 orc warriors (D:8)
  A black bear (D:5)
  A sky beast (D:7)
  3 wolves (D:9)
  An ogre (D:4)
  2 phantoms
  A weeping skull (D:7)
  3 kobold brigands
  A bullfrog (D:8)
  4 scorpions
  4 wights (D:8)
  Dowan (D:5)
  6 killer bees (D:8)
  A howler monkey (D:9)
  2 hounds (D:6)
  3 jellies
  2 centaur zombies (D:7)
  8 orc priests
  A gnoll bouda (D:7)
  Jessica (D:2)
  2 sleepcaps
  Natasha (thrice) (D:2)
  3 iguanas
  4 orc wizards
  2 killer bee zombies (D:7)
  A mummy (D:7)
  7 gnolls
  7 adders
  6 ufetubi
  3 dart slugs (D:2)
  28 orcs
  5 endoplasms
  3 giant cockroaches
  4 goblins
  7 hobgoblins
  16 kobolds
  A quokka (D:3)
  8 ball pythons
  5 bats
  A frilled lizard (D:2)
  8 rats
  A spectral orc (D:7)
182 creatures vanquished.

Vanquished Creatures (others)
  2 orcs (D:6)
2 creatures vanquished.

Grand Total: 184 creatures vanquished

Notes
Turn   | Place    | Note
-------+----------+-------------------------------------------
     0 | D:1      | Alphaeus the Troll Shapeshifter began the quest for the
                  | Orb.
     0 | D:1      | Reached XP level 1. HP: 18/18 MP: 0/0
    73 | D:1      | Reached skill level 1 in Fighting
    85 | D:1      | Reached XP level 2. HP: 27/27 MP: 1/1
   432 | D:2      | Noticed Natasha
   443 | D:2      | Killed Natasha
   444 | D:2      | Reached XP level 3. HP: 18/33 MP: 2/2
   528 | D:2      | Noticed Natasha
   535 | D:2      | Killed Natasha
   536 | D:2      | Reached XP level 4. HP: 23/41 MP: 3/3
   580 | D:2      | Noticed Natasha
   588 | D:2      | Killed Natasha
   673 | D:2      | Found a shimmering altar of Xom.
   674 | D:2      | Noticed Jessica
   688 | D:2      | Killed Jessica
   689 | D:2      | Reached skill level 4 in Shapeshifting
   850 | D:2      | Reached XP level 5. HP: 45/49 MP: 4/4
   929 | D:2      | Found a faded altar of an unknown god.
  2081 | D:4      | Reached XP level 6. HP: 57/57 MP: 5/5
  2114 | D:4      | Found a white marble altar of Elyvilon.
  2154 | D:4      | Reached skill level 5 in Unarmed Combat
  2203 | D:4      | Found a hazy altar of Hepliaklqana.
  2203 | D:4      | Found a shadowy altar of Dithmenos.
  2205 | D:4      | Noticed a shadow
  2229 | D:4      | Became a worshipper of Dithmenos the Shadowed
  2289 | D:4      | Reached skill level 5 in Shapeshifting
  2304 | D:4      | Reached XP level 7. HP: 55/66 MP: 6/6
  2323 | D:4      | Found an ornate altar of the Wu Jian Council.
  2602 | D:5      | Entered Level 5 of the Dungeon
  2637 | D:5      | Found a sparkling altar of Nemelex Xobeh.
  2693 | D:5      | Found a staircase to the Ecumenical Temple.
  2940 | D:5      | Noticed Dowan
  2941 | D:5      | Noticed Duvessa
  2962 | D:5      | Killed Duvessa
  2966 | D:5      | Killed Dowan
  3030 | D:5      | Found a hide-covered altar of Uskayaw.
  3205 | D:5      | Found a shimmering blue altar of Sif Muna.
  3262 | D:5      | Found a stormy altar of Qazlal.
  3315 | D:5      | Reached skill level 6 in Shapeshifting
  3470 | D:6      | Reached XP level 8. HP: 75/75 MP: 7/7
  3481 | D:6      | Reached * piety under Dithmenos
  3650 | D:6      | Found an opulent altar of Gozag.
  3875 | D:6      | Reached skill level 7 in Shapeshifting
  3914 | D:6      | Found a sacrificial altar of Ru.
  4107 | D:7      | Found a snail-covered altar of Cheibriados.
  4155 | D:7      | Found a basalt altar of Yredelemnul.
  4393 | D:7      | Reached ** piety under Dithmenos
  4545 | D:7      | Reached XP level 9. HP: 81/84 MP: 8/8
  4573 | D:7      | Found a radiant altar of Vehumet.
  4810 | D:7      | Found Rias's Jewellery Boutique.
  4893 | D:7      | Found a glowing silver altar of Zin.
  4893 | D:7      | Noticed an angel
  5092 | D:8      | Reached skill level 8 in Shapeshifting
  5100 | D:8      | Reached skill level 1 in Stealth
  5373 | D:8      | Reached skill level 5 in Fighting
  5898 | D:8      | Reached *** piety under Dithmenos
  6088 | D:9      | Noticed a rime drake
  6105 | D:9      | Killed a rime drake
  6106 | D:9      | Reached skill level 9 in Shapeshifting
  6106 | D:9      | Reached XP level 10. HP: 23/96 MP: 9/9
  6161 | D:9      | Slain by a wolf

Illustrated notes

Levels and vault maps discovered:
D:1:      dpeg_arrival_rooms_a, layout_rooms
D:2:      layout_basic, dreamdust_ecumenical_altar_statues, basic_altar,
          serial_curves, eino_curves_04, eino_curves_01, eino_curves_04,
          uniq_jessica, uniq_natasha
D:3:      layout_loops_corners, minivault_27
D:4:      layout_cave_pools, riverfiend_overflow_shadow_ancestor,
          elyvilon_altar_3, nzn_wu_jian_council_hall, st_stairs_4,
          serial_bayou_crossing
D:5:      layout_basic, nemelex_spade_bored_becter,
          lemuel_coloured_pillars_altar, grunt_qazlal_clouds,
          nicolae_uskayaw_dance_hall, minmay_temple_entry_proselytizer,
          uniq_duvessa
D:6:      layout_rooms, grunt_gozag_statues, mainiacjoe_overflow_alcove_1,
          minmay_misc_feat_square, grunt_decor_junction, st_stairs_6,
          minmay_misc_feat_alley
D:7:      layout_loops_ring, yredelemnul_forgotten_temple_becter, zin_angel,
          cheibriados_altar_1, mainiacjoe_overflow_chevrons,
          minmay_shop_enchanted_jewellery, minmay_mini_ossuary
D:8:      layout_gridville
D:9:      layout_basic, amethyst_overflow_temple_binary,
          hellmonk_lair_entry_icy, serial_rivers,
          chequers_serial_rivers_micro_e, chequers_serial_rivers_micro_a,
          chequers_serial_rivers_micro_b, chequers_serial_rivers_small_3,
          nicolae_custom_books

Skill      XL: |  1  2  3  4  5  6  7  8  9 10 |
---------------+-------------------------------+-----
Fighting       | 1 2 3 4 5 |  5.4
Unarmed Combat | 4 5 6 8 |  8.4
Shapeshifting  | 4 5 6 7 9 |  9.1
Stealth        | 2 3 |  3.0
Dodging        | |  1.5

Action                     |  1- 3 |  4- 6 |  7- 9 | 10-12 || total
---------------------------+-------+-------+-------+-------++-------
  Melee: Unarmed           |    47 |   112 |   286 |    20 ||   465
         Punch             |       |     2 |    14 |     2 ||    18
    Use: Potion            |       |       |     4 |     1 ||     5
         Scroll            |       |       |     1 |     3 ||     4
   Stab: Sleeping          |       |       |     4 |       ||     4
 Armour: Animal skin       |    31 |    61 |   283 |    20 ||   395
         Skin              |       |       |    54 |       ||    54
  Dodge: Dodged            |    13 |    44 |   195 |    12 ||   264
